[Event "*** Titled Tuesday Blitz"]
[Site "Chess.com"]
[Date "2020.05.19"]
[Round "9"]
[White "Supernotar"]
[Black "Chessmatus"]
[Result "1-0"]
[WhiteElo "2663"]
[BlackElo "2490"]
[TimeControl "180+1"]
[EndTime "13:46:54 PDT"]
[Termination "Supernotar won by resignation"]

1. d4 Nf6 2. c4 g6 3. Nc3 d5 4.
cxd5 Nxd5 5. e4 Nxc3 6. bxc3 Bg7 7. Nf3 c5 8. Be3 Bg4 9. Qd2 O-O 10. Rc1 Bxf3 11.
gxf3 Nd7 12. Be2 e6 13. O-O Qa5 14. Rfd1 Rad8 15. Kg2 b6 16. f4 Nf6 17. Bf3 Rfe8 18. Qe2 Rd7 19. Rd2 Red8 20. Rcd1 Qxc3 21. dxc5 Rxd2 22. Rxd2 Rxd2 23. Qxd2 Qxd2 24. Bxd2 bxc5 25. Be3 Bf8 26. Kf1 Nd7 27. Ke2 Be7 28. Kd3 Nb6 29. Bd1 Kf8 30. a4 Ke8 31. a5 Nd7 32. Kc4 Kd8 33.
Ba4 Nf6 34. f3 Nh5 35. Kb5 Kc7 36. Ka6 Kb8 37. Be8 f5 38. Bd7 Ng7 39. Bd2 Kc7 40.
Bb5 Kb8 41. Bc3 Nh5 42. Be5+ Kc8 43. Kxa7 Bf6 44. Bd6 Bd4 45. Bc4 Nf6 46. Bxe6+ Kd8 47. Kb7 fxe4 48. Bc4 exf3 49. a6 Ne8 50. Bb8 f2 51. a7 Nd6+ 52. Bxd6 1-0

[Event "*** Titled Tuesday Blitz"]
[Site "Chess.com"]
[Date "2020.05.19"]
[Round "9"]
[White "crazy_but_lazy"]
[Black "MidnightFox"]
[Result "1-0"]
[WhiteElo "2363"]
[BlackElo "2456"]
[TimeControl "180+1"]
[EndTime "13:46:54 PDT"]
[Termination "crazy_but_lazy won by resignation"]

1. Nf3 g6 2. g3 Bg7 3. Bg2 Nf6 4. O-O O-O 5. c4 c5 6. d4 cxd4 7. Nxd4 Nc6 8. Nc3 Nxd4 9. Qxd4 d6 10. b3 Nd7 11.
Qd2 Nc5 12. Bb2 a5 13. Rad1 Bd7 14. Nd5 Bxb2 15. Qxb2 Bc6 16. Rd2 Bxd5 17. Bxd5 Qb6 18. h4 h5 19. Rfd1 Qb4 20. Rb1 Rfc8 21. a3 Qb6 22. b4 axb4 23. axb4 Na4 24. Qc2 Kg7 25.
Qd3 Ra7 26. Ra2 Rca8 27. Kf1 f6 28. Qe4 e5 29. Qd3 Qc7 30. Rba1 Nc5 31. Qc2 Rxa2 32. Rxa2 Rxa2 33. Qxa2 Na6 34. Qa4 Qc8 35. Qb5 Nc7 36. Qxb7 Qxb7 37. Bxb7 Kf7 38. Ke1 Ke7 39. Kd2 Ne6 40.
e3 Kd7 41. Bd5 Nc7 42. Bf7 g5 43. Bxh5 gxh4 44. gxh4 Na6 45. Kc3 Nc5 46. bxc5 1-0

[Event "*** Titled Tuesday Blitz"]
[Site "Chess.com"]
[Date "2020.05.19"]
[Round "9"]
[White "Sjakkerntobi"]
[Black "Nellichka"]
[Result "0-1"]
[WhiteElo "2261"]
[BlackElo "2005"]
[TimeControl "180+1"]
[EndTime "13:46:54 PDT"]
[Termination "Nellichka won by checkmate"]

1. e4 e6 2. d4 d5 3. Nd2 a5 4. Ngf3 Nf6 5. e5 Nfd7 6. Bd3 c5 7. c3 Nc6 8. a3 Qb6 9. O-O cxd4 10. cxd4 Nxd4 11.
Nxd4 Qxd4 12. Nf3 Qb6 13. Be3 Bc5 14. Bxc5 Nxc5 15. Bc2 a4 16. h4 Nb3 17. Rb1 Bd7 18.
Re1 Rc8 19. Ng5 h6 20. Nf3 Rc4 21. Bd3 Rg4 22. Qe2 Nd4 23. Nxd4 Qxd4 24. Rbc1 O-O 25. h5 f6 26. exf6 Rxf6 27. Rc7 Rgf4 28. Rf1 Bc6 29. Rc8+ Kf7 30. Bg6+ Ke7 31. Re8+ Bxe8 32. Bxe8 Kxe8 33. Qb5+ Kf7 34. Qe2 Re4 35. Qb5 Qc4 36. Qd7+ Kg8 37. Qe8+ Kh7 38. f3 Qc5+ 39. Kh1 Rc4 40. Re1 Rh4# 0-1

[Event "*** Titled Tuesday Blitz"]
[Site "Chess.com"]
[Date "2020.05.19"]
[Round "9"]
[White "Ariadna_Atreides"]
[Black "silverback96"]
[Result "0-1"]
[WhiteElo "2087"]
[BlackElo "2316"]
[TimeControl "180+1"]
[EndTime "13:46:55 PDT"]
[Termination "silverback96 won by checkmate"]

1. d4 Nf6 2. Nf3 c5 3. e3 g6 4. Be2 Bg7 5. O-O O-O 6. dxc5 Qa5 7. a3 Qxc5 8. b4 Qc7 9. Bb2 d5 10. Nc3 Ne4 11. Nxd5 Qd6 12. Bxg7 Kxg7 13. Qd4+ Nf6 14. Nxf6 Qxf6 15. Qxf6+ Kxf6 16. Rfd1 Nc6 17. b5 Na5 18. c4 Be6 19. Nd2 Rac8 20. Rac1 b6 21. Rc3 Rc7 22. Ne4+ Kg7 23. c5 bxc5 24. Nxc5 Bb3 25. Nxb3 Rxc3 26. Nxa5 Rxa3 27. Nc6 Rc8 28. Nxe7 Rc2 29. Bf3 Raa2 30. Rf1 Rab2 31. Bc6 Kf8 32.
Nc8 a6 33. Na7 axb5 34. Bxb5 Rc7 35. Ra1 Rcc2 36. h3 Rxf2 37. Bc6 Rfe2 38. Bf3 Rxe3 39. Nc6 h5 40. Ra8+ Kg7 41. Kh1 h4 42. Ra7 Re1+ 43. Kh2 Rbb1 44. Nd8 Rh1# 0-1

[Event "*** Titled Tuesday Blitz"]
[Site "Chess.com"]
[Date "2020.05.19"]
[Round "9"]
[White "SlavenPastar"]
[Black "viktorskliarov"]
[Result "1-0"]
[WhiteElo "2412"]
[BlackElo "2561"]
[TimeControl "180+1"]
[EndTime "13:46:56 PDT"]
[Termination "SlavenPastar won on time"]

1. d4 Nf6 2. c4 e6 3. Nc3 Bb4 4. e3 b6 5. Bd3 Bb7 6. f3 Bxc3+ 7. bxc3 O-O 8. Ne2 d6 9. O-O e5 10. e4 Nc6 11. Bg5 h6 12. Bh4 g5 13. Bf2 Nh5 14.
c5 dxc5 15. dxc5 Kg7 16. Bc4 Na5 17. Bb5 Qe7 18. cxb6 cxb6 19. Qc1 Rac8 20. Rd1 Rfd8 21. Rxd8 Rxd8 22. Qc2 Bc6 23. Bxc6 Nxc6 24. Rd1 Rxd1+ 25.
Qxd1 Qe6 26. Qd5 Qxd5 27. exd5 Nb8 28. c4 Nd7 29. g3 f5 30. Nc3 Nhf6 31. Nb5 Ne8 32.
Nxa7 Nd6 33. Nc6 Nxc4 34. a4 Kf6 35. Kf1 f4 36. Ke2 Nb2 37. a5 bxa5 38. Nxa5 Na4 39. Kd3 1-0

[Event "*** Titled Tuesday Blitz"]
[Site "Chess.com"]
[Date "2020.05.19"]
[Round "9"]
[White "RubensCezila"]
[Black "wnstop"]
[Result "1-0"]
[WhiteElo "2485"]
[BlackElo "2608"]
[TimeControl "180+1"]
[EndTime "13:46:57 PDT"]
[Termination "RubensCezila won by checkmate"]

1. c4 e5 2. Nc3 Bb4 3. Nd5 Be7 4. e3 d6 5. g3 Nf6 6. Nxe7 Qxe7 7. d3 O-O 8. Bg2 c5 9. Ne2 Nc6 10. Nc3 Bf5 11.
O-O Nb4 12. e4 Bg4 13. f3 Bd7 14. Bg5 h6 15. Be3 Nc6 16. Qd2 Rab8 17. h3 Nd4 18. f4 b5 19. fxe5 dxe5 20. Bxh6 b4 21. Bxg7 bxc3 22. bxc3 Nh7 23. Bxf8 Qxf8 24. cxd4 cxd4 25. Rab1 Rc8 26. Rb7 Be6 27. Qa5 Qg7 28. Qxa7 Ng5 29. g4 Nh7 30. Rb8 Rxb8 31. Qxb8+ Nf8 32. Qd8 Kh7 33. Qf6 Qg8 34. Qh4+ Kg7 35. g5 Ng6 36. Qh6# 1-0

[Event "*** Titled Tuesday Blitz"]
[Site "Chess.com"]
[Date "2020.05.19"]
[Round "9"]
[White "SaySpade4VIP"]
[Black "Anna_ChessMate"]
[Result "1-0"]
[WhiteElo "2705"]
[BlackElo "2536"]
[TimeControl "180+1"]
[EndTime "13:46:58 PDT"]
[Termination "SaySpade4VIP won on time"]

1. d4 d5 2. Bf4 Nf6 3. e3 c5 4. c3 Nc6 5. Nd2 Bg4 6. Ngf3 e6 7. Qa4 Nd7 8. Bb5 Qb6 9. Ne5 Ndxe5 10. dxc5 Bxc5 11.
Bxe5 Bf5 12. b4 Be7 13. Bxg7 Rg8 14. Bd4 Qc7 15. g3 h5 16. a3 h4 17. c4 Kf8 18.
Bxc6 bxc6 19. Rc1 e5 20. Ba1 d4 21. exd4 Bg5 22. dxe5 Bxd2+ 23. Kxd2 Rd8+ 24. Ke1 Bg4 25. Qa5 Qd7 26. Qc5+ Ke8 27. Qd6 Qc8 28. Qf6 h3 29. f3 Be6 30. Bc3 Rg6 31. Qh8+ Ke7 32. Qh4+ Kf8 33.
Kf2 Kg8 34. Rhd1 Re8 35. Rd6 a5 36. Rcd1 Qa6 37. Rd8 Qb6+ 38. c5 1-0

[Event "*** Titled Tuesday Blitz"]
[Site "Chess.com"]
[Date "2020.05.19"]
[Round "9"]
[White "Ural_bogatyr"]
[Black "IMinTheWings"]
[Result "0-1"]
[WhiteElo "2326"]
[BlackElo "2244"]
[TimeControl "180+1"]
[EndTime "13:46:58 PDT"]
[Termination "IMinTheWings won on time"]

1. e4 g6 2. d4 Bg7 3. Nc3 c6 4. Nf3 d5 5. h3 dxe4 6. Nxe4 Nf6 7. Ng3 O-O 8. Bd3 Nbd7 9. O-O Qc7 10. Re1 Re8 11. c3 Nd5 12. Ne5 Nxe5 13. dxe5 Bxe5 14.
Ne4 Bg7 15. Qf3 b6 16. Ng5 e5 17. Be4 Bb7 18. h4 f5 19. Bc2 e4 20. Qe2 h6 21.
Nh3 c5 22. Bb3 Kh8 23. Bxd5 Bxd5 24. Bf4 Qe7 25. Rad1 Bxa2 26. h5 g5 27. Bd6 Qf7 28. Qb5 Bc4 29. Qc6 Rac8 30. Qa4 b5 31. Qa5 f4 32. g3 Be6 33. Nxf4 gxf4 34. Bxf4 Qxh5 35. Qxb5 Qf3 36. Qf1 Bg4 37. Rd6 Re6 38. Rd7 Rg6 39. Rd5 Be6 40. Rd6 Qxf4 41. Rxe6 Qf5 0-1

[Event "*** Titled Tuesday Blitz"]
[Site "Chess.com"]
[Date "2020.05.19"]
[Round "9"]
[White "PavelShkapenko"]
[Black "cukus"]
[Result "1-0"]
[WhiteElo "2661"]
[BlackElo "2488"]
[TimeControl "180+1"]
[EndTime "13:46:59 PDT"]
[Termination "PavelShkapenko won by resignation"]

1. e4 c6 2. d4 d5 3. e5 c5 4. dxc5 e6 5. a3 Bxc5 6. Qg4 Ne7 7. b4 Bb6 8. Nf3 Nbc6 9. Bd3 Qc7 10. Bb2 Bd7 11. Nbd2 Ng6 12. Qg3 O-O-O 13. c4 dxc4 14. Nxc4 Kb8 15. O-O Bc8 16. Nd6 f5 17. Rac1 Qe7 18.
b5 Na5 19. Nd2 Bc7 20. Bc3 f4 21. Qh3 Nxe5 22. Nxc8 Rxc8 23. Be2 g5 24. Bb4 Qg7 25. Qc3 Bb6 26. Qa1 g4 27. Bd6+ Ka8 28. Bxe5 Rxc1 29.
Rxc1 Qd7 30. Bxh8 g3 31. hxg3 fxg3 32. Ne4 gxf2+ 33. Nxf2 Nb3 34. Qc3 Nxc1 35. Qxc1 Bc7 36. Qg5 Qc8 37. Be5 Bxe5 38. Qxe5 b6 39. Bf3+ Qb7 40. Qxe6 Kb8 41. Bxb7 Kxb7 42. Qc6+ 1-0

[Event "*** Titled Tuesday Blitz"]
[Site "Chess.com"]
[Date "2020.05.19"]
[Round "9"]
[White "CaspiIsrael"]
[Black "White_Ghost"]
[Result "1-0"]
[WhiteElo "2614"]
[BlackElo "2464"]
[TimeControl "180+1"]
[EndTime "13:47:00 PDT"]
[Termination "CaspiIsrael won on time"]

1. e4 e5 2. Nf3 Nc6 3. Bb5 a6 4. Ba4 b5 5. Bb3 Na5 6. d4 exd4 7. Qxd4 Bb7 8. Bg5 Ne7 9. Qd2 Nxb3 10. axb3 d6 11.
Nc3 Qd7 12. O-O Ng6 13. Nd5 f6 14. Be3 Be7 15. Nd4 O-O 16. Nf5 Rfe8 17. f3 Bf8 18.
Rae1 Qf7 19. b4 Ne5 20. b3 Rad8 21. h3 g6 22. Ng3 Bg7 23. f4 Nc6 24. f5 g5 25. Qe2 Ne7 26. Nxc7 Nxf5 27. Nxf5 Qxc7 28. Nxg7 Qxg7 29. Qf2 Rxe4 30. Bd4 Rde8 31. Rxe4 Rxe4 32. Bxf6 Qf7 33. Qg3 h6 34. Qxd6 Re2 35. Rf2 Rxf2 36. Kxf2 Qd5 37. Qe7 Qxg2+ 38. Ke3 Qg1+ 39. Kd3 Qd1+ 40.
Kc3 Qa1+ 41. Kd2 1-0

[Event "*** Titled Tuesday Blitz"]
[Site "Chess.com"]
[Date "2020.05.19"]
[Round "9"]
[White "Skatchkov_V"]
[Black "VaKukl"]
[Result "1-0"]
[WhiteElo "2562"]
[BlackElo "2390"]
[TimeControl "180+1"]
[EndTime "13:47:01 PDT"]
[Termination "Skatchkov_V won by resignation"]

1. d4 Nf6 2. Nf3 c5 3. d5 e6 4. c4 exd5 5. cxd5 d6 6. Nc3 g6 7. Bf4 a6 8. a4 Bg7 9. e3 O-O 10. h3 Qe7 11. Nd2 Nbd7 12. Nc4 Ne8 13. Be2 Ne5 14. Nb6 Rb8 15. a5 f5 16. Bh2 g5 17. O-O f4 18. exf4 gxf4 19. Bf3 Qg5 20.
Kh1 Nf6 21. Ra4 Nfd7 22. Nxc8 Rbxc8 23. Ne4 Qg6 24. Nd2 Nd3 25. Be4 Nxb2 26. Bxg6 Nxd1 27. Rxd1 hxg6 28. Bxf4 Ne5 29. Bg3 c4 30. Bxe5 Bxe5 31. Nxc4 Rxf2 32. Nxe5 dxe5 33. d6 Rd8 34. Rc4 Rf6 35. d7 Kf7 36. Rc7 Ke7 37. Rxb7 e4 38. Rd4 e3 39. Re4+ Re6 40. Rxe6+ Kxe6 41. Kg1 Rf8 42.
Rb3 Kxd7 43. Rxe3 Rf5 44. Ra3 Kc6 45. g4 Rf4 46. Kg2 Kb5 47. Kg3 Rc4 48. h4 Kc5 49.
Re3 Kd5 50. Rb3 Ra4 51. Rb6 Rxa5 52. Rxg6 Ke5 53. h5 Ra3+ 54. Kh4 a5 55. h6 Ra1 56.
Kg5 a4 57. Ra6 a3 58. h7 Rh1 59. Kg6 Kf4 60. Rxa3 Kxg4 61. Kg7 Kf5 1-0

[Event "*** Titled Tuesday Blitz"]
[Site "Chess.com"]
[Date "2020.05.19"]
[Round "9"]
[White "Roza_Idrisova"]
[Black "lili_ani"]
[Result "0-1"]
[WhiteElo "2160"]
[BlackElo "2547"]
[TimeControl "180+1"]
[EndTime "13:47:02 PDT"]
[Termination "lili_ani won by resignation"]

1. d4 f5 2. Nf3 Nf6 3. g3 b6 4.
Bg2 Bb7 5. O-O e6 6. c4 Be7 7.
Nc3 Na6 8. d5 Nc5 9. b3 O-O 10.
Bb2 Nfe4 11. dxe6 dxe6 12. Qxd8 Rfxd8 13. Rad1 Bf6 14. Rc1 Rd7 15. Rc2 Rad8 16. Nxe4 Bxe4 17. Bxf6 gxf6 18. Rcc1 a5 19. Rfe1 Kf7 20. h4 Ke7 21. Ra1 Bxf3 22. Bxf3 Rd2 23. e3 Rb2 24. Re2 Rdd2 25. Kf1 Rxe2 26. Bxe2 Ne4 27. Ke1 h6 28.
Kf1 Nc3 29. Bf3 Rxa2 30. Rxa2 Nxa2 31. Ke1 Nc1 32. Bd1 Nd3+ 33. Ke2 Nc5 34. Kd2 Ne4+ 35.
Ke2 Nc3+ 36. Kd2 Nxd1 37. Kxd1 Kd6 38. Kd2 Kc5 39. Kc3 c6 40. h5 b5 41. cxb5 cxb5 42. f3 e5 43. g4 fxg4 44. fxg4 e4 45. Kc2 Kb4 46. Kb2 a4 47. bxa4 bxa4 48. Ka2 Kc4 49.
Ka3 Kd3 50. Kxa4 Kxe3 51. Kb3 Kf4 52. Kc3 Kxg4 53. Kd4 f5 54. Ke3 Kxh5 55. Kf4 Kh4 56. Ke3 Kg3 0-1

[Event "*** Titled Tuesday Blitz"]
[Site "Chess.com"]
[Date "2020.05.19"]
[Round "9"]
[White "L_lorenzo"]
[Black "Medvegy"]
[Result "1-0"]
[WhiteElo "2037"]
[BlackElo "2433"]
[TimeControl "180+1"]
[EndTime "13:47:02 PDT"]
[Termination "L_lorenzo won on time"]

1. d4 Nf6 2. c4 e5 3. dxe5 Ne4 4.
Nd2 Bb4 5. a3 Bxd2+ 6. Bxd2 Nxd2 7. Qxd2 Nc6 8. Nf3 Qe7 9. Qd5 b6 10. e3 Bb7 11. Rd1 O-O-O 12. Qe4 f6 13. Rd5 Rhe8 14.
Qxh7 Nxe5 15. Nxe5 Bxd5 16. Ng6 Qe4 17. cxd5 Qb1+ 18.
Ke2 Kb8 19. h4 Rh8 20. Qxg7 Qxb2+ 21. Kf3 Rhg8 22. Qh6 Qxa3 23. Nf4 Qa1 24. g4 Qd1+ 25. Ne2 Qxd5+ 26. e4 Qe6 27. Bh3 d5 28. Qf4 dxe4+ 29.
Qxe4 Qxe4+ 30. Kxe4 Rge8+ 31. Kf3 Rd3+ 32. Kf4 Rxe2 33.
f3 Rf2 34. Rf1 Rdxf3+ 35. Ke4 1-0

[Event "*** Titled Tuesday Blitz"]
[Site "Chess.com"]
[Date "2020.05.19"]
[Round "9"]
[White "Munkhzul_Turmunkh"]
[Black "CHESSMASTER759"]
[Result "1/2-1/2"]
[WhiteElo "2523"]
[BlackElo "2663"]
[TimeControl "180+1"]
[EndTime "13:47:05 PDT"]
[Termination "Game drawn - insufficient material"]

1. e4 d6 2. d4 Nf6 3. Nc3 e5 4. Nf3 Nbd7 5. Bc4 Be7 6. O-O O-O 7. Re1 c6 8. a4 a5 9. h3 Nb6 10. Ba2 Nfd7 11. Be3 exd4 12. Nxd4 Nc5 13. Qd2 Nbxa4 14. Nxa4 Nxa4 15. Bxf7+ Rxf7 16. Rxa4 d5 17. exd5 Qxd5 18. Nf3 Qxd2 19. Bxd2 Bf6 20. b4 b6 21. bxa5 bxa5 22. Rxa5 Rxa5 23. Bxa5 Bf5 24. c3 h6 25. Re8+ Kh7 26.
Nd4 Bd7 27. Re3 Kg6 28. Bb4 Kh7 29. Bd6 g5 30. f3 Kg6 31. Bc5 h5 32. Re4 g4 33.
hxg4 hxg4 34. fxg4 Bd8 35. Bd6 Bb6 36. Kh2 Bxd4 37. cxd4 Rf6 38. Be5 Re6 39. Kg3 Be8 40. Rf4 Bd7 41. Rf8 c5 42. Kf4 cxd4 43. Bxd4 Bc6 44. Rg8+ Kf7 45. Rd8 Ke7 46. Rc8 Kd7 47. Rf8 Re4+ 48. Kf5 Rxd4 49. g5 Ke7 50. Rb8 Rd6 51.
g6 Rd5+ 52. Kg4 Kf6 53. Rb6 Rc5 54. Kf4 Kxg6 55. Ke3 Kg5 56. Kd4 Rc1 57. g3 Kg4 58.
Rb4 Kxg3 59. Rc4 Rxc4+ 60. Kxc4 1/2-1/2

[Event "*** Titled Tuesday Blitz"]
[Site "Chess.com"]
[Date "2020.05.19"]
[Round "9"]
[White "Danfii"]
[Black "imdarealist"]
[Result "1-0"]
[WhiteElo "2365"]
[BlackElo "2241"]
[TimeControl "180+1"]
[EndTime "13:47:05 PDT"]
[Termination "Danfii won on time"]

1. e4 e5 2. Nf3 Nf6 3. Nxe5 d6 4. Nf3 Nxe4 5. Nc3 Nxc3 6. dxc3 Be7 7. Be3 Be6 8. Qd2 Nd7 9. O-O-O O-O 10. Kb1 Re8 11. h4 Ne5 12. Ng5 Bf5 13. f3 h6 14. Be2 hxg5 15.
hxg5 Be6 16. f4 Nc4 17. Bxc4 Bxc4 18. Qd4 d5 19. Rh3 f5 20. Rdh1 Kf7 21. g6+ Ke6 22. Qe5+ Kd7 23. Qxf5+ Kc6 24. b3 Ba6 25. Rd1 Bf6 26.
c4 b6 27. cxd5+ Kb7 28. Bc1 Qd6 29. g4 Kb8 30. g5 Bc8 31. Qd3 Bxh3 32. Qxh3 Be7 33.
Re1 Kb7 34. Qd3 Rad8 35. Qc4 Qxd5 36. Qc3 Qc5 37. Qxg7 Bd6 38. Rd1 1-0

[Event "*** Titled Tuesday Blitz"]
[Site "Chess.com"]
[Date "2020.05.19"]
[Round "9"]
[White "TST2014"]
[Black "Isajevsky_Anton"]
[Result "1/2-1/2"]
[WhiteElo "2574"]
[BlackElo "2442"]
[TimeControl "180+1"]
[EndTime "13:47:06 PDT"]
[Termination "Game drawn - insufficient material"]

1. d4 d5 2. c4 e6 3. Nf3 Nf6 4. Nc3 Be7 5. Bf4 O-O 6. e3 Nbd7 7. c5 Nh5 8. Bd3 c6 9. O-O Nxf4 10. exf4 b6 11. b4 bxc5 12. bxc5 Qa5 13. Qc2 Ba6 14.
Bxh7+ Kh8 15. Bd3 Rab8 16. Rab1 g6 17. h4 Kg7 18. g3 Bxd3 19. Qxd3 Qa3 20. Qc2 Bf6 21.
Ne5 Bxe5 22. fxe5 a5 23. Kg2 Rb4 24. Rb3 Rxb3 25. Qxb3 Qxb3 26. axb3 Rb8 27. Ra1 Rxb3 28. Ne2 Rb5 29. Kf1 f6 30. f4 Kf7 31. Ke1 g5 32.
Kd2 gxh4 33. gxh4 Kg6 34. Rg1+ Kh7 35. f5 Rb2+ 36. Kd3 fxe5 37. fxe6 Nf6 38. dxe5 Ne4 39. Nd4 Nxc5+ 40. Ke3 Rb7 41. Rc1 Nb3 42. Rxc6 Nxd4 43. Kxd4 Ra7 44. Rd6 Kg6 45. Kxd5 a4 46. Rd7 Ra5+ 47.
Kd6 Ra6+ 48. Kd5 Ra5+ 49. Ke4 a3 50. e7 Kf7 51. e6+ Ke8 52. Rd1 a2 53. Ra1 Kxe7 54.
Kd3 Kxe6 55. Kc3 Kf5 56. Kb2 Kg4 57. Rxa2 Rxa2+ 58. Kxa2 Kxh4 1/2-1/2

[Event "*** Titled Tuesday Blitz"]
[Site "Chess.com"]
[Date "2020.05.19"]
[Round "9"]
[White "bait_or_mate"]
[Black "Bubi6"]
[Result "0-1"]
[WhiteElo "2455"]
[BlackElo "2598"]
[TimeControl "180+1"]
[EndTime "13:47:06 PDT"]
[Termination "Bubi6 won on time"]

1. d4 c5 2. d5 e6 3. c4 exd5 4. cxd5 d6 5. Nc3 Ne7 6. Nf3 Ng6 7. h4 Nd7 8. h5 Nge5 9. Bf4 Nxf3+ 10. gxf3 Be7 11. Qd2 O-O 12. Rg1 Bf6 13. Ne4 Be5 14. Bxe5 Nxe5 15. Qh6 Ng6 16. Qg5 Qxg5 17. Rxg5 Nf4 18.
e3 f6 19. Rg1 Nxd5 20. Nxd6 Be6 21. Nxb7 Nb4 22. Kd2 c4 23. Nc5 Bf7 24. h6 Rfd8+ 25.
Kc3 Nd5+ 26. Kc2 g6 27. Rc1 Rac8 28. Ne4 c3 29. bxc3 f5 30. Ng5 Rxc3+ 31. Kd2 Rxc1 32. Kxc1 Rc8+ 33. Kb2 Rb8+ 34. Kc2 Nb4+ 35. Kd2 Bxa2 36. Be2 Rd8+ 37. Kc3 Nd5+ 38. Kb2 Nb4 39. Kc3 Rb8 40. Ra1 Nd5+ 41. Kd4 Rb2 42. Bc4 Rd2+ 0-1

[Event "*** Titled Tuesday Blitz"]
[Site "Chess.com"]
[Date "2020.05.19"]
[Round "9"]
[White "dopolian"]
[Black "Glidzhian_Gor"]
[Result "0-1"]
[WhiteElo "2344"]
[BlackElo "2459"]
[TimeControl "180+1"]
[EndTime "13:47:07 PDT"]
[Termination "Glidzhian_Gor won on time"]

1. e4 c5 2. Nf3 Nc6 3. d4 cxd4 4. Nxd4 Nf6 5. Nc3 d6 6. Be3 e5 7. Nf3 Be7 8. Bc4 O-O 9. O-O a6 10. Bg5 Be6 11. Bb3 Rc8 12. Qe2 Bg4 13. Be3 Nd4 14.
Bxd4 exd4 15. Nd5 Nxd5 16. Bxd5 Bf6 17. Rac1 Qb6 18. b3 Rc3 19. Rfd1 Rfc8 20. Bc4 Qc5 21.
Rd3 Rxd3 22. cxd3 d5 23. exd5 b5 24. h3 Bd7 25. Ne5 Bxe5 26. Qxe5 bxc4 27. Rxc4 Qf8 28. d6 Rxc4 29. bxc4 h6 30. Qxd4 Qb8 31. c5 Bc6 32.
Qc4 a5 33. d4 Qb7 34. f3 Qb1+ 35. Kh2 Qf5 36. Qa6 Qf4+ 37. Kg1 Qxd4+ 38. Kh1 Qd5 39. Qc8+ Kh7 40. Qc7 a4 41. Kh2 a3 42. h4 h5 43. g3 Qxf3 0-1

[Event "*** Titled Tuesday Blitz"]
[Site "Chess.com"]
[Date "2020.05.19"]
[Round "9"]
[White "JuliaEfremova"]
[Black "XDPS"]
[Result "0-1"]
[WhiteElo "2136"]
[BlackElo "2662"]
[TimeControl "180+1"]
[EndTime "13:47:09 PDT"]
[Termination "XDPS won by checkmate"]

1. d4 d5 2. Bf4 Nf6 3. Nf3 e6 4. e3 Bd6 5. Ne5 O-O 6. Bd3 b6 7. Nd2 Ba6 8. Ndf3 Bxd3 9. cxd3 c5 10. dxc5 bxc5 11. O-O Nh5 12. d4 Nxf4 13. exf4 Nd7 14. dxc5 Nxc5 15. Nd4 Qb6 16. b3 Rfc8 17. Qh5 Bxe5 18.
Qxe5 Qc7 19. Qe3 Ne4 20. Rfe1 Qc3 21. Rac1 Qxe3 22. fxe3 Nc3 23. a4 Rab8 24. Kf1 Kf8 25. g4 Ke8 26. g5 Kd7 27. h4 a6 28. h5 Ne4 29. Kg2 f6 30. Red1 Kd6 31. g6 hxg6 32. hxg6 Kd7 33. Kf3 Nd6 34. Ke2 e5 35. Rxc8 Rxc8 36.
fxe5 fxe5 37. Nf3 Rc2+ 38. Kd3 Rg2 39. Nxe5+ Ke6 40. Nc6 Ne4 41. Nb4 Rxg6 42. Rc1 Ke5 43. Nc6+ Kd6 44. Nd4 Rg2 45. Nf5+ Ke5 46. Nd4 Rd2# 0-1

[Event "*** Titled Tuesday Blitz"]
[Site "Chess.com"]
[Date "2020.05.19"]
[Round "9"]
[White "GM4life"]
[Black "Piotrek1979"]
[Result "1-0"]
[WhiteElo "2230"]
[BlackElo "2344"]
[TimeControl "180+1"]
[EndTime "13:47:09 PDT"]
[Termination "GM4life won by resignation"]

1. d4 Nf6 2. c4 c5 3. d5 e5 4. Nc3 d6 5. e4 Be7 6. Nf3 Nbd7 7. Be2 h5 8. O-O h4 9. h3 a6 10. a3 Nf8 11. b4 b6 12. Be3 Ng6 13. Nd2 Nf4 14.
Bxf4 exf4 15. Nf3 Nd7 16. bxc5 bxc5 17. Qd2 Bf6 18. Rab1 O-O 19. Rb3 g5 20. Nh2 Ne5 21.
Na4 Bg7 22. Rfb1 f5 23. Nb6 Ra7 24. Nxc8 Qxc8 25. exf5 Qxf5 26. Nf3 Re7 27. Nxe5 Qxe5 28. Bg4 f3 29. Re3 Qf4 30. Be6+ Kh8 31. gxf3 Be5 32.
Kf1 Qh2 33. Ke2 Rxe6 34. dxe6 Qxh3 35. Rb7 Qxe6 36. Qd5 Qxd5 37. cxd5 h3 38. Rb1 h2 39. Reb3 Re8 40. Re3 Kg7 41. Rh1 Rb8 42. Kd3 Rb3+ 43.
Ke4 Kg6 44. Rxb3 c4 45. Rb6 c3 46. Rc6 a5 47. Kd3 Kf5 48. Rxc3 Kf4 49. Rxh2 Kxf3 50. Rh3+ Kxf2 51. Rc4 g4 52. Rxg4 1-0

[Event "*** Titled Tuesday Blitz"]
[Site "Chess.com"]
[Date "2020.05.19"]
[Round "9"]
[White "hansen"]
[Black "BanjoKazooieN64"]
[Result "1-0"]
[WhiteElo "2931"]
[BlackElo "2548"]
[TimeControl "180+1"]
[EndTime "13:47:10 PDT"]
[Termination "hansen won by resignation"]

1. e4 e6 2. d4 d5 3. Nc3 Bb4 4.
e5 c5 5. a3 Bxc3+ 6. bxc3 Ne7 7. h4 b6 8. Bb5+ Bd7 9. Bd3 c4 10. Be2 Ba4 11. h5 h6 12. Nh3 Kd7 13. Nf4 Qg8 14.
Bg4 Qh7 15. Ra2 Nbc6 16. Kf1 b5 17. Kg1 a5 18. Qf3 Kc7 19. Rb2 Rhb8 20. Bxe6 fxe6 21. Nxe6+ Kb6 22. Nc5 Ka7 23. e6 Qf5 24. Qg3 Rc8 25. Rh4 Bxc2 26. Rxb5 Nd8 27. Rxa5+ Kb6 28. Rxa8 Rxa8 29.
Qd6+ Ndc6 30. Bf4 Kb5 31. Nd7 Ka4 32. Nb6+ Kb3 33. Nxa8 Be4 34. Nb6 Qf6 35. Bg3 Qg5 36.
Rxe4 dxe4 37. d5 Qxh5 38. f3 exf3 39. dxc6 fxg2 40. Bh2 Qf3 41. Qf4 Qxf4 42. Bxf4 Nxc6 43. Nd5 Kxa3 44. e7 Nxe7 45. Nxe7 Kb3 46. Be5 g5 47. Kxg2 h5 48. Kg3 Kc2 49. Nf5 Kd3 50. Ng7 h4+ 51. Kg4 Ke4 52. Bd4 h3 53. Kxh3 Kf3 54. Nh5 g4+ 55.
Kh4 g3 56. Nxg3 1-0

[Event "*** Titled Tuesday Blitz"]
[Site "Chess.com"]
[Date "2020.05.19"]
[Round "9"]
[White "DonPreuss"]
[Black "LuckSlayeer"]
[Result "0-1"]
[WhiteElo "2222"]
[BlackElo "2451"]
[TimeControl "180+1"]
[EndTime "13:47:10 PDT"]
[Termination "LuckSlayeer won by resignation"]

1. d4 Nf6 2. Nc3 d5 3. e4 Nxe4 4. Nxe4 dxe4 5. Bc4 e6 6. c3 c5 7. d5 exd5 8. Bxd5 Nc6 9. Bxc6+ bxc6 10. Qxd8+ Kxd8 11. Bg5+ Kc7 12. O-O-O Be6 13. Bf4+ Kb7 14. b3 Be7 15. Ne2 a5 16. Kb2 a4 17. c4 Bf6+ 18.
Nc3 Bf5 19. Be3 Rhd8 20. Kc2 Rd3 21. Nxa4 Bd4 22. Bxd4 cxd4 23. Nc5+ Kb6 24. Nxd3 Rxa2+ 25. Kb1 Re2 26. g4 Bxg4 27. Ne5 Bf5 28. Rxd4 e3+ 29. Nd3 exf2 30. c5+ Kb5 31. Rb4+ Ka6 32. Ra4+ Kb7 33. Rd1 Bxd3+ 34. Kc1 Re1 35. Rf4 Rxd1+ 36. Kxd1 f1=Q+ 37. Rxf1 Bxf1 38. Kd2 Bh3 39. Kc3 Be6 40. Kd4 Bxb3 41.
Ke5 Be6 42. Kd6 Bd5 43. Ke7 f5 0-1

[Event "*** Titled Tuesday Blitz"]
[Site "Chess.com"]
[Date "2020.05.19"]
[Round "9"]
[White "BikingBrian"]
[Black "TV27"]
[Result "1-0"]
[WhiteElo "2241"]
[BlackElo "2091"]
[TimeControl "180+1"]
[EndTime "13:47:10 PDT"]
[Termination "BikingBrian won by checkmate"]

1. d4 f5 2. Nc3 Nf6 3. Bg5 g6 4.
h4 Bg7 5. h5 h6 6. Bxf6 exf6 7.
hxg6 O-O 8. e3 Qe8 9. Qh5 c6 10. Bd3 f4 11. O-O-O fxe3 12. fxe3 Qxe3+ 13. Kb1 Qxd4 14. Nf3 Qb4 15. Rh4 Qe7 16. Nd4 d5 17. Bf5 c5 18.
Nxd5 Qe5 19. Bxc8 cxd4 20. Bxb7 f5 21. Bxa8 d3 22. c3 Nd7 23. Bc6 Nc5 24. Rd4 Rc8 25. Qxf5 Qxf5 26. Ne7+ Kf8 27. Nxf5 Bxd4 28. Nxd4 Ke7 29.
Bb5 Kd6 30. Bxd3 Ke5 31. Nf3+ Kf4 32. Bc4 Kg3 33. g7 Kxg2 34. g8=Q+ Rxg8 35. Bxg8 Kxf3 36. Rd5 Ke2 37. Rxc5 a6 38. Rh5 Ke3 39. Rxh6 Kd3 40. Rxa6 Ke4 41. Bh7+ Kd5 42. Kc2 Kc4 43. Ra4+ Kb5 44.
Rh4 Kc5 45. a4 Kd5 46. a5 Ke5 47. a6 Kf6 48. a7 Kg5 49. Rb4 Kf6 50. a8=Q Kg7 51.
Qa7+ Kh6 52. Bd3 Kg5 53. Qa5+ Kf6 54. Rb6+ Ke7 55. Qa7+ Kd8 56. Rb8# 1-0

[Event "*** Titled Tuesday Blitz"]
[Site "Chess.com"]
[Date "2020.05.19"]
[Round "9"]
[White "spectralsoul"]
[Black "rogapa"]
[Result "0-1"]
[WhiteElo "2839"]
[BlackElo "2711"]
[TimeControl "180+1"]
[EndTime "13:47:11 PDT"]
[Termination "rogapa won on time"]

1. Nf3 d5 2. g3 e6 3. Bg2 Nf6 4. O-O Be7 5. d4 O-O 6. c4 Nbd7 7. Qc2 c6 8. Nbd2 b5 9. c5 a5 10.
a3 Qc7 11. e4 e5 12. Nxe5 Nxe5 13. dxe5 Qxe5 14. exd5 cxd5 15. Nf3 Qe4 16. Qc3 b4 17. Qe3 Ng4 18. Qxe4 dxe4 19. Nd2 Ba6 20. Bxe4 Rab8 21. axb4 Bxf1 22. Kxf1 axb4 23. Nb3 Nxh2+ 24. Kg2 Ng4 25. Bf4 Rbc8 26. Bb7 Rxc5 27. Nxc5 Bxc5 28. f3 Ne3+ 29. Bxe3 Bxe3 30. Re1 Bd4 31. Re4 Bc5 32. b3 g6 33.
Bd5 Rd8 34. Bc4 Rd2+ 35. Re2 Rd7 36. Re5 Bf8 37. Rb5 Kg7 38. f4 h5 39. Kf3 Rd2 40.
g4 h4 41. Rb7 Bc5 42. Rxf7+ Kh8 43. g5 h3 44. Kg4 h2 0-1